 Dungeon Crawl Stone Soup version 0.30-b1-5-g8e6c1be481 (webtiles) character file.

Game seed: 7242274767176593423

847 Silvore the Slasher (level 7, -3/60 (61) HPs)
             Began as a Minotaur Fighter on May 4, 2023.
             Slain by a wight
             ... wielding a +0 trident
              (6 damage)
             ... on level 5 of the Dungeon.
             The game lasted 00:05:07 (4247 turns).

Silvore the Slasher (Minotaur Fighter)              Turns: 4247, Time: 00:05:07

HP:   -3/60 (61)    AC:  8    Str: 23    XL:     7   Next: 68%
MP:   6/6           EV: 18    Int:  5    God:
Gold: 277           SH:  0    Dex:  9    Spells: 6/6 levels left

rFire   + + .        a - melded +1 long sword
rCold   + + .        c - melded +0 buckler
rNeg    + + +        b - melded +0 scale mail
rPois   ∞            (helmet currently unavailable)
rElec   +            (cloak currently unavailable)
rCorr   +            (gloves currently unavailable)
SInv    .            e - melded +1 pair of boots
Will    .....        m - melded amulet of reflection
Stlth   +            o - melded ring of flight
HPRegen 0.30/turn    (ring currently unavailable)
MPRegen 0.10/turn

%: no passive effects
@: wisp-form, flying, lightly drained
A: insubstantial, flying, no casting, tiny, (horns 2), (retaliatory headbutt)
a: no special abilities


You were on level 5 of the Dungeon.
You were an insubstantial wisp.
You visited 1 branch of the dungeon, and saw 5 of its levels.

You collected 277 gold pieces.

Inventory:

Hand Weapons
 a - a +1 long sword (melded)
Armour
 b - a +0 scale mail (melded)
 c - a +0 buckler (melded)
 e - a +1 pair of boots (melded)
Jewellery
 m - an amulet of reflection (melded)
 o - a ring of flight (melded)
Wands
 r - a wand of flame (11)
Scrolls
 i - 3 scrolls of amnesia
 j - a scroll of magic mapping
 l - 2 scrolls of teleportation
 p - 3 scrolls of identify
Potions
 f - a potion of flight
 g - 5 potions of mutation
 h - 2 potions of degeneration
 k - a potion of curing
 n - a potion of lignification


   Skills:
 + Level 5.1 Fighting
 + Level 6.7 Long Blades
 + Level 6.6 Armour
 + Level 2.4 Dodging
 + Level 0.5 Stealth
 + Level 5.2 Shields


You had 6 spell levels left.
You didn't know any spells.
Your spell library contained the following spells:

 Spells                   Type           Power      Damage    Failure   Level
 Summon Guardian Golem    Hex/Summ       0%         N/A       85%         3
 Vhi's Electric Charge    Tloc/Air       0%         N/A       85%         3
 Arcjolt                  Conj/Air       0%         1d10      100%        5
 Orb of Destruction       Conj           0%         9d5       100%        7
 Spellforged Servitor     Conj/Summ      0%         N/A       100%        7
 Maxwell's Capacitive Co  Air            0%         ∞         100%        8


Dungeon Overview and Level Annotations

Branches:
Dungeon (5/15)
 Temple: D:4-7

Altars:
Ashenzari
Fedhas


Innate Abilities, Weirdness & Mutations

You are an insubstantial wisp.
Your tiny insubstantial body is highly resistant to most damage types.
You are flying.
Your equipment is entirely melded.
You are incapable of wielding weapons or throwing items.
You cannot cast spells.
((You have a pair of horns on your head.))
((You reflexively headbutt those who attack you in melee.))


Message History

The wight is lightly damaged.
The wight zaps a wand.
You turn into an insubstantial wisp.
Your +1 long sword melds into your body.
Your +1 pair of boots melds into your body.
Your +0 buckler melds into your body.
Your +0 scale mail melds into your body.
Your ring of flight melds into your body.
Your amulet of reflection melds into your body.
You float gracefully downwards.
The wight barely misses you. The wight misses you.
You touch the wight.
The wight is almost destroyed.
The wight misses you. x2; The wight completely misses you.
You touch the wight!
You destroy the wight!
The wight closely misses you. The wight misses you.
Your Shields skill increases to level 5!
You touch the wight.
The wight is heavily damaged.
The wight barely misses you. The wight completely misses you.
You barely miss the wight.
The wight is heavily damaged.
You touch the wight.
The wight is severely damaged.
The wight closely misses you. The wight barely misses you.
You touch the wight but do no damage.
The wight is severely damaged.
The wight completely misses you. The wight barely misses you.
You touch the wight but do no damage.
The wight is severely damaged.
The wight misses you. The wight closely misses you.
You touch the wight.
You destroy the wight!
The wight closely misses you. The wight hits you with a +0 trident!
* * * LOW HITPOINT WARNING * * *
You touch the wight.
The wight is moderately damaged.
The wight hits you with a +0 trident.
You die...

##...##.............
###...#..........##..
#.................#.#
##..................#
##..............###..
#............#.......
##..............#....
##........#....#....
###)vz.....#.#....##.
#...).............#..
#........##.......)..
#.[...).............).
###................))#
#.##................
.. ................
... #......#........
... .###.##...#....


You could see a wight.

Vanquished Creatures
  Sigmund (D:4)
  3 scorpions
  4 wights (D:5)
  A jelly (D:4)
  A hound (D:4)
  An iguana (D:4)
  3 orc wizards
  3 adders
  A white imp (D:4)
  2 worms
  4 dart slugs
  18 orcs
  2 bats
  7 endoplasms
  5 giant cockroaches
  12 goblins
  2 hobgoblins
  4 quokkas
  5 ball pythons
  2 frilled lizards (D:1)
  4 kobolds
  5 rats
90 creatures vanquished.

Notes
Turn   | Place    | Note
-------+----------+-------------------------------------------
     0 | D:1      | Silvore the Minotaur Fighter began the quest for the Orb.
     0 | D:1      | Reached XP level 1. HP: 19/19 MP: 0/0
   884 | D:1      | Reached XP level 2. HP: 26/27 MP: 1/1
   917 | D:1      | Found a faded altar of an unknown god.
  1175 | D:2      | Reached XP level 3. HP: 25/33 MP: 2/2
  1209 | D:2      | You fall into a shaft and drop 2 floors!
  1271 | D:4      | Noticed a scorpion
  1279 | D:4      | Killed a scorpion
  1280 | D:4      | Reached skill level 1 in Dodging
  1280 | D:4      | Reached XP level 4. HP: 34/40 MP: 3/3
  1353 | D:3      | Reached XP level 5. HP: 47/47 MP: 4/4
  3224 | D:4      | Reached skill level 5 in Armour
  3224 | D:4      | Reached XP level 6. HP: 45/53 MP: 5/5
  3575 | D:4      | Noticed Sigmund
  3587 | D:4      | Reached skill level 5 in Long Blades
  3598 | D:4      | Killed Sigmund
  3599 | D:4      | Reached skill level 5 in Fighting
  3725 | D:4      | Found a broken altar of Ashenzari.
  3904 | D:5      | Entered Level 5 of the Dungeon
  3909 | D:4      | Reached XP level 7. HP: 60/61 MP: 6/6
  4053 | D:5      | Found a blossoming altar of Fedhas.
  4240 | D:5      | Reached skill level 5 in Shields
  4246 | D:5      | HP: 3/60 [wight/+0 trident (8)]
  4247 | D:5      | Slain by a wight

Illustrated notes

Levels and vault maps discovered:
D:1:      sevenhm_arrival_forest_fort_small_3, layout_basic,
          hellmonk_ecumenical_altar_defaced_shrine
D:2:      layout_loops_ring
D:3:      layout_basic
D:4:      nicolae_BIG_FREAKIN_CUBE, layout_loops_ring, lemuel_doored_altar,
          uniq_sigmund
D:5:      layout_cave_pools, lemuel_crystal_altar,
          minmay_temple_entry_drinking_statues

Skill      XL: |  1  2  3  4  5  6  7 |
---------------+----------------------+-----
Shields        | 4 5 |  5.2
Armour         | 4 5 6 |  6.6
Fighting       | 4 5 |  5.1
Long Blades    | 3 4 5 6 |  6.7
Dodging        | 1 2 |  2.4
Stealth        | |  0.5

Action                     |  1- 3 |  4- 6 |  7- 9 || total
---------------------------+-------+-------+-------++-------
  Melee: Long sword        |    68 |   131 |    50 ||   249
         Headbutt          |     6 |    15 |    11 ||    32
         Unarmed           |       |       |     9 ||     9
    Use: Scroll            |     2 |    10 |     1 ||    13
         Potion            |       |     1 |       ||     1
 Armour: Scale mail        |    43 |    53 |    29 ||   125
  Dodge: Dodged            |    53 |    44 |    43 ||   140
  Block: Buckler           |    17 |    37 |    29 ||    83
         Reflection        |       |     1 |       ||     1
